APP
PULASKI YANKEES @ ELIZABETHTON TWINS
09/29/2049
 
TOP OF THE 1ST
Pulaski Yankees batting - Pitching for Elizabethton Twins : LHP Chris Smith
Pitching: LHP Chris Smith
Batting: LHB Dave Ortiz 0-0: Called Strike
0-1: Foul Ball, location: 2F
0-2: Strikes out swinging
Batting: RHB Ken Stair 0-0: Ball
1-0: Ball
2-0: Ball
3-0: Called Strike
3-1: Base on Balls
Batting: RHB Jim O'Dwyer 0-0: Called Strike
0-1: Ball
1-1: Foul Ball, location: 2F
1-2: Strikes out swinging
Batting: RHB Victor Garcia 0-0: Called Strike
0-1: Called Strike
0-2: Foul Ball, location: 2F
0-2: Foul Ball, location: 2F
0-2: Ball
1-2: Foul Ball, location: 2F
1-2: Strikes out swinging
Top of the 1st over - 0 runs, 0 hits, 0 errors, 1 left on base; Pulaski 0 - Elizabethton 0
BOTTOM OF THE 1ST
Elizabethton Twins batting - Pitching for Pulaski Yankees : LHP Allen Reisinger
Pitching: LHP Allen Reisinger
Batting: RHB David McDonald 0-0: Ball
1-0: Ball
2-0: Foul Ball, location: 2F
2-1: Ball
3-1: Foul Ball, location: 2F
3-2: Ground out 4-3 (Groundball, 4, EV 85.6 MPH)
Batting: RHB Nestor Moreno 0-0: Ball
1-0: Ball
2-0: Reached on error, E5 (Groundball, 56S, EV 88.8 MPH)
Batting: RHB Ryan Starks 0-0: Ball
1-0: Ball
Nestor Moreno steals 3rd base (no throw)
2-0: Called Strike
2-1: Called Strike
2-2: Ground out 5-3 (Groundball, 56D, EV 83.1 MPH)
Nestor Moreno scores
Batting: RHB Ned Scovell 0-0: Foul Ball, location: 2F
0-1: Ground out U3 (Groundball, 3, EV 104.4 MPH)
Bottom of the 1st over - 1 run, 0 hits, 1 error, 0 left on base; Pulaski 0 - Elizabethton 1
TOP OF THE 2ND
Pulaski Yankees batting - Pitching for Elizabethton Twins : LHP Chris Smith
Batting: SHB Dylan Best 0-0: Ball
1-0: Called Strike
1-1: Ball
2-1: Fly out, F9 (Flyball, 89M, EV 86.9 MPH)
Batting: RHB Jonathan Feldstein 0-0: Called Strike
0-1: Ball
1-1: Swinging Strike
1-2: Strikes out looking
Batting: RHB Bailey Hays 0-0: Called Strike
0-1: Ball
1-1: Ball
2-1: Ball
3-1: Called Strike
3-2: Fly out, F8 (Line Drive, 8RM, EV 91.2 MPH)
Top of the 2nd over - 0 runs, 0 hits, 0 errors, 0 left on base; Pulaski 0 - Elizabethton 1
BOTTOM OF THE 2ND
Elizabethton Twins batting - Pitching for Pulaski Yankees : LHP Allen Reisinger
Batting: RHB Hisao Takei 0-0: Ground out 6-3 (Groundball, 6, EV 90.6 MPH)
Batting: RHB Sergio Gomez 0-0: Foul Ball, location: 2F
0-1: Ground out 6-3 (Groundball, 6, EV 89.4 MPH)
Batting: RHB Calvin Day 0-0: Ground out 6-3 (Groundball, 6, EV 104.4 MPH)
Bottom of the 2nd over - 0 runs, 0 hits, 0 errors, 0 left on base; Pulaski 0 - Elizabethton 1
TOP OF THE 3RD
Pulaski Yankees batting - Pitching for Elizabethton Twins : LHP Chris Smith
Batting: LHB Rip Log 0-0: Called Strike
0-1: Ball
1-1: Called Strike
1-2: Ball
2-2: Strikes out swinging
Batting: RHB Juan Perez 0-0: Foul Ball, location: 2F
0-1: Ball
1-1: Called Strike
1-2: Ball
2-2: Strikes out swinging
Batting: LHB Dave Ortiz 0-0: Swinging Strike
0-1: Swinging Strike
0-2: Ball
1-2: Foul Ball, location: 2F
1-2: Ball
2-2: Ball
3-2: Strikes out looking
Top of the 3rd over - 0 runs, 0 hits, 0 errors, 0 left on base; Pulaski 0 - Elizabethton 1
BOTTOM OF THE 3RD
Elizabethton Twins batting - Pitching for Pulaski Yankees : LHP Allen Reisinger
Batting: LHB Joey Zamora 0-0: Ball
1-0: Ball
2-0: Ground out 4-3 (Groundball, 4S, EV 85.6 MPH)
Batting: RHB Braydon Garland 0-0: Ball
1-0: Foul Ball, location: 2F
1-1: Ball
2-1: Foul Ball, location: 2F
2-2: Ball
3-2: Strikes out swinging
Batting: RHB David McDonald 0-0: Ball
1-0: Called Strike
1-1: Ball
2-1: Ball
3-1: SOLO HOME RUN (Flyball, 78XD, EV 98.8 MPH), Distance : 393 ft
Batting: RHB Nestor Moreno 0-0: Ball
1-0: Ground out U3 (Groundball, 3, EV 103.1 MPH)
Bottom of the 3rd over - 1 run, 1 hit, 0 errors, 0 left on base; Pulaski 0 - Elizabethton 2
TOP OF THE 4TH
Pulaski Yankees batting - Pitching for Elizabethton Twins : LHP Chris Smith
Batting: RHB Ken Stair 0-0: Called Strike
0-1: Swinging Strike
0-2: Foul Ball, location: 2F
0-2: Ball
1-2: Ball
2-2: Ball
3-2: Base on Balls
Batting: RHB Jim O'Dwyer 0-0: SINGLE (Groundball, 4MD, EV 94.4 MPH)
Ken Stair to second
Batting: RHB Victor Garcia 0-0: Called Strike
0-1: Foul Ball, location: 2F
0-2: Foul Ball, location: 2F
0-2: Ball
1-2: Reached on error, E3 (Groundball, 34, EV 85.6 MPH)
Ken Stair to third
Jim O'Dwyer to second
Batting: SHB Dylan Best 0-0: Foul Ball, location: 2F
0-1: Ball
1-1: Called Strike
1-2: Fly out, F8 (Flyball, 78D, EV 85.0 MPH)
Pitching: RHP Brian Waldrip
Pinch Hitting: LHB Troy Jones 0-0: Called Strike
0-1: Swinging Strike
0-2: Strikes out swinging
Pinch Hitting: LHB Chris Viehman 0-0: Ball
1-0: Ball
2-0: Ground out U3 (Groundball, 34S, EV 80.0 MPH)
Top of the 4th over - 0 runs, 1 hit, 1 error, 3 left on base; Pulaski 0 - Elizabethton 2
BOTTOM OF THE 4TH
Elizabethton Twins batting - Pitching for Pulaski Yankees : LHP Allen Reisinger
Now at 3B: Edwin Sierra
Now in LF: Troy Jones
Batting: RHB Ryan Starks 0-0: Ball
1-0: Ground out 6-3 (Groundball, 56, EV 82.5 MPH)
Batting: RHB Ned Scovell 0-0: Ball
1-0: Foul Ball, location: 2F
1-1: Ball
2-1: Ground out 6-3 (Groundball, 6S, EV 85.0 MPH)
Batting: RHB Hisao Takei 0-0: Ground out 6-3 (Groundball, 6, EV 102.5 MPH)
Bottom of the 4th over - 0 runs, 0 hits, 0 errors, 0 left on base; Pulaski 0 - Elizabethton 2
TOP OF THE 5TH
Pulaski Yankees batting - Pitching for Elizabethton Twins : RHP Brian Waldrip
Batting: LHB Rip Log 0-0: Ground out 1-3 (Groundball, 23, EV 72.5 MPH)
Batting: RHB Juan Perez 0-0: Called Strike
0-1: Ball
1-1: Ball
2-1: Swinging Strike
2-2: Foul Ball, location: 2F
2-2: Strikes out swinging
Batting: LHB Dave Ortiz 0-0: Ball
1-0: Ball
2-0: Fly out, F8 (Flyball, 78M, EV 81.9 MPH)
Top of the 5th over - 0 runs, 0 hits, 0 errors, 0 left on base; Pulaski 0 - Elizabethton 2
BOTTOM OF THE 5TH
Elizabethton Twins batting - Pitching for Pulaski Yankees : LHP Allen Reisinger
Batting: RHB Sergio Gomez 0-0: Ball
1-0: Foul Ball, location: 2F
1-1: Called Strike
1-2: Ground out 6-3 (Groundball, 6, EV 91.2 MPH)
Batting: RHB Calvin Day 0-0: Called Strike
0-1: Fly out, F8 (Flyball, 8RS, EV 85.0 MPH)
Batting: LHB Joey Zamora 0-0: Ball
1-0: Ball
2-0: Ball
3-0: Base on Balls
Batting: RHB Braydon Garland 0-0: Called Strike
0-1: Ball
1-1: Called Strike
1-2: Ball
2-2: Foul Ball, location: 2F
2-2: Foul Ball, location: 2F
2-2: Strikes out swinging
Bottom of the 5th over - 0 runs, 0 hits, 0 errors, 1 left on base; Pulaski 0 - Elizabethton 2
TOP OF THE 6TH
Pulaski Yankees batting - Pitching for Elizabethton Twins : RHP Brian Waldrip
Batting: RHB Ken Stair 0-0: Foul Ball, location: 2F
0-1: Ground out 6-3 (Groundball, 6, EV 80.6 MPH)
Batting: RHB Jim O'Dwyer 0-0: Foul Ball, location: 2F
0-1: Called Strike
0-2: Ball
1-2: Strikes out swinging
Batting: RHB Victor Garcia 0-0: Foul Ball, location: 2F
0-1: Ball
1-1: Ball
2-1: SINGLE (Line Drive, 9S, EV 111.2 MPH)
Pitching: RHP Takeru Inoue
Batting: SHB Dylan Best 0-0: Ground out 2-3 (Groundball, 2R, EV 62.5 MPH)
Top of the 6th over - 0 runs, 1 hit, 0 errors, 1 left on base; Pulaski 0 - Elizabethton 2
BOTTOM OF THE 6TH
Elizabethton Twins batting - Pitching for Pulaski Yankees : LHP Allen Reisinger
Batting: RHB David McDonald 0-0: Fly out, F8 (Flyball, 8LD, EV 99.4 MPH)
Batting: RHB Nestor Moreno 0-0: Swinging Strike
0-1: Foul Ball, location: 2F
0-2: Ball
1-2: DOUBLE (Groundball, 5L, EV 105.0 MPH)
Batting: RHB Ryan Starks 0-0: Ball
Nestor Moreno steals 3rd, throwing error, E2
Nestor Moreno scores
1-0: Ball
2-0: Foul Ball, location: 2F
2-1: Ball
3-1: Base on Balls
Batting: RHB Ned Scovell 0-0: Called Strike
0-1: Ball
1-1: Fly out, F9 (Line Drive, 9S, EV 89.4 MPH)
Batting: RHB Hisao Takei Pickoff Play to 1st, Runner tries for 2nd, OUT after rundown.
Bottom of the 6th over - 1 run, 1 hit, 1 error, 0 left on base; Pulaski 0 - Elizabethton 3
TOP OF THE 7TH
Pulaski Yankees batting - Pitching for Elizabethton Twins : RHP Takeru Inoue
Batting: LHB Troy Jones 0-0: Called Strike
0-1: Ball
1-1: Ball
2-1: Foul Ball, location: 2F
2-2: Strikes out swinging
Pinch Hitting: RHB Paul Ngumi 0-0: Called Strike
0-1: Ball
1-1: Foul Ball, location: 2F
1-2: Ball
2-2: Strikes out swinging
Batting: LHB Rip Log 0-0: Called Strike
0-1: Ball
1-1: Ball
2-1: Called Strike
2-2: Strikes out looking
Top of the 7th over - 0 runs, 0 hits, 0 errors, 0 left on base; Pulaski 0 - Elizabethton 3
BOTTOM OF THE 7TH
Elizabethton Twins batting - Pitching for Pulaski Yankees : LHP Allen Reisinger
Now at 3B: Paul Ngumi
Batting: RHB Hisao Takei 0-0: Ball
1-0: SINGLE (Groundball, 34D, EV 103.1 MPH)
Batting: RHB Sergio Gomez 0-0: Ball
1-0: Ball
2-0: Ball
3-0: Called Strike
3-1: Called Strike
3-2: Foul Ball, location: 2F
3-2: Base on Balls
Hisao Takei to second
Batting: RHB Calvin Day 0-0: Ball
1-0: Ball
2-0: Called Strike
2-1: Ball
Wild Pitch!
Hisao Takei to third
Sergio Gomez to second
3-1: Base on Balls
Batting: LHB Joey Zamora 0-0: Called Strike
0-1: Ball
1-1: Fly out, F8 (Flyball, 8LM, EV 96.2 MPH)
Runner from 3rd tags up, SCORES, throw by CF
Batting: RHB Braydon Garland 0-0: SINGLE (Line Drive, 89S, EV 98.1 MPH)
Sergio Gomez to third
Calvin Day to second
Batting: RHB David McDonald 0-0: Called Strike
0-1: Ball
1-1: Foul Ball, location: 2F
1-2: Ball
2-2: Fly out, F8 (Flyball, 89D, EV 108.1 MPH)
Throwing error, E8
Sergio Gomez scores
Calvin Day to third
Braydon Garland to second
Pitching: RHP Chris Bryant
Batting: RHB Nestor Moreno 0-0: Called Strike
0-1: Swinging Strike
0-2: Foul Ball, location: 2F
0-2: SINGLE (Flyball, 9LS, EV 92.5 MPH)
Calvin Day scores
Braydon Garland to third
Batting: RHB Ryan Starks 0-0: Ball
1-0: Swinging Strike
1-1: Ball
2-1: Foul Ball, location: 2F
2-2: Strikes out swinging
Bottom of the 7th over - 3 runs, 3 hits, 1 error, 2 left on base; Pulaski 0 - Elizabethton 6
TOP OF THE 8TH
Pulaski Yankees batting - Pitching for Elizabethton Twins : RHP Takeru Inoue
Batting: RHB Juan Perez 0-0: Ball
1-0: Ground out U3 (Groundball, 3L, EV 81.9 MPH)
Batting: LHB Dave Ortiz 0-0: Fly out, F9 (Flyball, 89M, EV 86.9 MPH)
Batting: RHB Ken Stair 0-0: Ball
1-0: Called Strike
1-1: Swinging Strike
1-2: Foul Ball, location: 2F
1-2: Ball
2-2: Strikes out swinging
Top of the 8th over - 0 runs, 0 hits, 0 errors, 0 left on base; Pulaski 0 - Elizabethton 6
BOTTOM OF THE 8TH
Elizabethton Twins batting - Pitching for Pulaski Yankees : RHP Chris Bryant
Batting: RHB Ned Scovell 0-0: Called Strike
0-1: Foul Ball, location: 2F
0-2: Ball
1-2: Foul Ball, location: 2F
1-2: Ball
2-2: Ball
3-2: Ground out 6-3 (Groundball, 6, EV 93.1 MPH)
Batting: RHB Hisao Takei 0-0: Swinging Strike
0-1: Swinging Strike
0-2: DOUBLE (Line Drive, 7LM, EV 108.1 MPH)
Batting: RHB Sergio Gomez 0-0: Called Strike
0-1: Swinging Strike
0-2: Ball
1-2: Ball
2-2: Hit by Pitch
Batting: RHB Calvin Day 0-0: Ball
1-0: Ball
2-0: Called Strike
2-1: Swinging Strike
2-2: Strikes out swinging
Batting: LHB Joey Zamora 0-0: Ball
1-0: Called Strike
1-1: Foul Ball, location: 2F
1-2: Ball
2-2: Foul Ball, location: 2F
2-2: Ground out 4-3 (Groundball, 4, EV 100.0 MPH)
Bottom of the 8th over - 0 runs, 1 hit, 0 errors, 2 left on base; Pulaski 0 - Elizabethton 6
TOP OF THE 9TH
Pulaski Yankees batting - Pitching for Elizabethton Twins : RHP Takeru Inoue
Batting: RHB Jim O'Dwyer 0-0: Foul Ball, location: 2F
0-1: Swinging Strike
0-2: Strikes out looking
Batting: RHB Victor Garcia 0-0: Swinging Strike
0-1: Called Strike
0-2: Foul Ball, location: 2F
0-2: Ball
1-2: Strikes out swinging
Batting: SHB Dylan Best 0-0: Ball
1-0: Swinging Strike
1-1: Ball
2-1: Called Strike
2-2: Strikes out swinging
Top of the 9th over - 0 runs, 0 hits, 0 errors, 0 left on base; Pulaski 0 - Elizabethton 6
Sunday, July 16th , 2023 - OOTP Baseball 24.6 Build 69